Cogmind - Beta 13 @@@ ROGUE MODE // 2024.07.28 @ 18:06:28 Player: DAFFA Result: Destroyed by JX-OBJ(R) with Subdweller Laser Performance ------------- Evolutions (0) 0 Regions Visited (3) 600 Robots Destroyed (13) 65 Value Destroyed (467) 467 Prototype IDs (1) 20 Alien Tech Used (0) 0 Bonus (140) 140 TOTAL SCORE: 1292 Bonus ------- Follower Combat Kills 176 Friendly Fire -36 Cogmind --------- Core Integrity 0/250 Matter 293/300 Energy 160/160 System Corruption 0% Temperature Cool (6) Movement Core (250) Ox4 Location -10/Subcaves Parts ------- > --- POWER (1) -------- Light Nuclear Core > --- PROPULSION (2) --- Flight Unit > --- UTILITY (2) ------ Small Storage Unit > --- WEAPON (2) ------- Light Assault Rifle Rocket Launcher > --- INVENTORY (8) ---- Ion Engine Heat Sink Improved Heat Sink High-capacity Battery (250) Sensor Array Hacking Suite Mining Laser Scrap Shield Fragment (41) Peak State ------------ > --- POWER ------------ Light Nuclear Core > --- PROPULSION ------- Hover Unit Flight Unit > --- UTILITY ---------- Small Storage Unit Experimental Sensor Array > --- WEAPON ----------- Light Assault Rifle Rocket Launcher > --- INVENTORY -------- Ion Engine Heat Sink High-capacity Battery Sensor Array Hacking Suite Mining Laser Scrap Shield Fragment [Rating: 19] Favorites ----------- Power Light Ion Engine Engine Light Ion Engine Power Core Light Nuclear Core Propulsion Hover Unit Wheel Wheel Hover Unit Hover Unit Flight Unit Flight Unit Utility Small Storage Unit Device Experimental Sensor Array Storage Small Storage Unit Processor Visual Processing Unit Weapon Medium Laser Energy Gun Medium Laser Ballistic Gun Assault Rifle Launcher Rocket Launcher Build | -11 -10 -10 -10 ------- Run | Yrd Mat Min Sub Slots Evolved . | . . . . Power . | . . . . Propulsion . | . . . . Utility . | . . . . Weapon . | . . . . Parts Attached 21 | 6 7 6 2 Power 5 | 1 2 1 1 Engine 4 | 1 2 1 . Core 1 | . . . 1 Reactor . | . . . . Propulsion 5 | 2 2 . 1 Treads . | . . . . Leg . | . . . . Wheel 2 | 2 . . . Hover 2 | . 2 . . Flight 1 | . . . 1 Utility 7 | 1 3 3 . Device 4 | . 2 2 . Storage 1 | 1 . . . Processor 2 | . 1 1 . Hackware . | . . . . Protection . | . . . . Artifact . | . . . . Weapon 4 | 2 . 2 . Energy Gun 1 | 1 . . . Energy Cannon . | . . . . Ballistic Gun 2 | 1 . 1 . Ballistic Cannon . | . . . . Launcher 1 | . . 1 . Special Weapon . | . . . . Impact Weapon . | . . . . Slashing Weapon . | . . . . Piercing Weapon . | . . . . Special Melee Weapon . | . . . . Unidentified Prototypes 1 | . . 1 . Parts Lost 5 | . 2 . 3 Power 1 | . 1 . . Propulsion 3 | . 1 . 2 Utility 1 | . . . 1 Weapon . | . . . . Highest Loss Streak 2 | . 2 . 2 To Critical Strikes . | . . . . Average Slot Usage (%) 98 | . 95 100 99 Engine 12 | . 13 14 6 Core 1 | . . . 7 Wheel 6 | . 20 . . Hover 19 | . 7 28 19 Flight 1 | . . . 7 Device 12 | . 9 14 14 Storage 14 | . 14 14 14 Energy Gun 8 | . 14 9 . Ballistic Gun 14 | . 14 14 14 Launcher 5 | . . 4 14 Naked Turns . | . . . . Heaviest Build 16 | 12 15 16 16 Greatest Support 20 | 20 20 12 12 Greatest Overweight (x) 5 | . 1 1 5 Average Overweight (x) . | . . . 1 Largest Inventory Capacity 8 | 8 8 8 8 Average Capacity 7 | 6 8 8 8 Most Carried 8 | 2 5 8 8 Average Carried 5 | . 2 6 7 Final Capacity 8 | 8 8 8 8 Final Carried 8 | . 4 7 8 Class Distribution -------------------- 64% | Mutant 35% | Scavenger-Mutant Dominant Class ---------------- Mutant | -10/Materials Mutant | -10/Mines Scavenger-Mutant | -10/Subcaves Resources | -11 -10 -10 -10 ----------- Run | Yrd Mat Min Sub Matter Collected 601 | 260 156 109 76 Remotely . | . . . . Salvage Created 424 | . 296 92 36 Parts 32 | . 22 7 3 Haulers Intercepted . | . . . . Recyclers Shooed . | . . . . Parts Field Recycled . | . . . . Retrieved Matter . | . . . . Parts Self-Destructed . | . . . . Prevented . | . . . . Kills | -11 -10 -10 -10 ------- Run | Yrd Mat Min Sub Combat Hostiles Destroyed 11 | . 6 3 2 Guns 7 | . 6 . 1 AOE 4 | . . 3 1 Classes Destroyed 4 | . 3 . 1 Operator 1 | . 1 . . Watcher 1 | . 1 . . Grunt 9 | . 6 3 . Subdweller 2 | . . . 2 Best Kill Streak 2 | . 2 2 1 Combat Bots Only 2 | . 2 2 1 Max Kills in Single Turn 2 | . 1 2 1 Gunslinging . | . . . . Exploded 2 | . . 2 1 Melee . | . . . . Uniques/NPCs Destroyed . | . . . . Combat | -11 -10 -10 -10 -------- Run | Yrd Mat Min Sub Hostile Shots Fired 72 | . 47 12 13 Missed 20 | . 11 5 4 Damage Taken 762 | . 466 75 221 Core 251 | . 130 46 75 Absorbed by Shields . | . . . . Core Remaining (%) 100 | 100 . . . Volleys Fired 58 | . 32 8 18 Largest 2 | . 2 2 2 Hottest 70 | . 70 70 53 Shots Fired 99 | . 64 12 23 Gun 91 | . 64 9 18 Cannon . | . . . . Launcher 8 | . . 3 5 Special . | . . . . Kinetic 56 | . 32 6 18 Thermal 35 | . 32 3 . Explosive 8 | . . 3 5 Electromagnetic . | . . . . Robot Hit Streak 12 | . 12 1 4 Robot Miss Streak 8 | . 8 3 1 Penetration Max . | . . . . Secondary Targets 1 | . 1 . . Max Gunslinging Chain 1 | . 1 . . Shots Hit Robots 53 | . 34 4 15 Core Hits 24 | . 17 5 2 Critical Kills . | . . . . Critical Parts Destroyed . | . . . . Critical Strikes . | . . . . Melee Attacks . | . . . . Impact . | . . . . Slashing . | . . . . Piercing . | . . . . Sneak Attacks . | . . . . Combat Hostiles . | . . . . Follow-up Attacks . | . . . . Damage Inflicted 1018 | . 484 220 314 Guns 643 | . 484 67 92 Cannons . | . . . . Explosions 375 | . . 153 222 Melee . | . . . . Ramming . | . . . . Kinetic 393 | . 246 55 92 Thermal 250 | . 238 12 . Explosive 375 | . . 153 222 Electromagnetic . | . . . . Impact . | . . . . Slashing . | . . . . Piercing . | . . . . Highest Corruption . | . . . . Average Corruption . | . . . . Corruption Purged . | . . . . Corruption Blocked . | . . . . Overload Shots . | . . . . Overflow Damage . | . . . . Projectiles . | . . . . Explosions . | . . . . Melee . | . . . . Knockbacks . | . . . . Impact . | . . . . Kinetic . | . . . . Secondary . | . . . . Self-Inflicted Damage 37 | . . 12 25 Shots 2 | . . 1 1 Rammed . | . . . . Targets Rammed . | . . . . Kicked . | . . . . Crushed . | . . . . Highest Temperature 160 | . 160 45 . Average Temperature 38 | . 40 20 . Received Heat Transfer 327 | . 258 15 54 Siege Activations . | . . . . Robots Corrupted . | . . . . Combat Hostiles . | . . . . Parts Fried . | . . . . Impact Corruptions . | . . . . Robots Melted . | . . . . Combat Hostiles . | . . . . Parts Melted 1 | . . . 1 Heat Transferred 740 | . 703 37 . Parts Sabotaged . | . . . . Parts Stolen . | . . . . Parts Stripped . | . . . . Power Chain Reactions . | . . . . Alert | -11 -10 -10 -10 ------- Run | Yrd Mat Min Sub Peak Influence 252 | . 252 244 . Initial 33 | . . 33 . Average 70 | . 75 72 . Maximum Alert Level 1 | . 1 1 . Low Security (%) 92 | 100 89 93 . Level 1 7 | . 10 6 . Level 2 . | . . . . Level 3 . | . . . . Level 4 . | . . . . Level 5 . | . . . . High Security . | . . . . Max Security . | . . . . Squads Dispatched 3 | . 3 . . Investigation 1 | . 1 . . Extermination . | . . . . Reinforcement 2 | . 2 . . Assault . | . . . . Garrison . | . . . . Intercept . | . . . . Searches Triggered . | . . . . Construction Impeded . | . . . . Haulers Reinforced . | . . . . Active Scanning Responses . | . . . . Cargo Convoy Interrupts . | . . . . Stealth | -11 -10 -10 -10 --------- Run | Yrd Mat Min Sub Distress Signals . | . . . . Communications Jammed . | . . . . Distress Signals . | . . . . Times Spotted 31 | . 17 7 7 Peak Tracking Total 5 | . 5 3 2 Tactical Retreats 4 | . 4 . . Traps | -11 -10 -10 -10 ------- Run | Yrd Mat Min Sub Traps Triggered 1 | . 1 . . Indirectly . | . . . . Trap Hack Attempts . | . . . . Triggered . | . . . . Disarmed . | . . . . Reprogrammed . | . . . . Reused . | . . . . Traps Extracted . | . . . . Installed . | . . . . Triggered . | . . . . Machines | -11 -10 -10 -10 ---------- Run | Yrd Mat Min Sub Machines Disabled 1 | . . 1 . Max in Single Turn 1 | . . 1 . Machines Repaired . | . . . . Machines Dismantled . | . . . . Machines Sabotaged . | . . . . Overloaded Fab Kills . | . . . . Hacking | -11 -10 -10 -10 --------- Run | Yrd Mat Min Sub Machines Accessed 2 | . 2 . . Terminals 2 | . 2 . . Fabricators . | . . . . Repair Stations . | . . . . Recycling Units . | . . . . Scanalyzers . | . . . . Garrison Access . | . . . . Total Hacks 4 | . 4 . . Successful 1 | . 1 . . Failed 3 | . 3 . . Catastrophic 3 | . 3 . . Database Lockouts . | . . . . Manual 3 | . 3 . . Terminals 4 | . 4 . . Fabricators . | . . . . Repair Stations . | . . . . Recycling Units . | . . . . Scanalyzers . | . . . . Garrison Access . | . . . . Terminal Hacks 1 | . 1 . . Alert Level 1 | . 1 . . Fabricator Hacks . | . . . . Repair Station Hacks . | . . . . Recycling Unit Hacks . | . . . . Scanalyzer . | . . . . Garrison Access Hacks . | . . . . Unauthorized Hacks . | . . . . Terminals . | . . . . Fabricators . | . . . . Repair Stations . | . . . . Recycling Units . | . . . . Scanalyzers . | . . . . Garrison Access . | . . . . Data Cores Recovered . | . . . . Used . | . . . . Hacking Detections . | . . . . Full Trace Events . | . . . . Feedback Events . | . . . . Feedback Blocked . | . . . . Robot Schematics Acquired . | . . . . Robots Built . | . . . . Authchips . | . . . . Time . | . . . . Total Robot Build Rating . | . . . . Part Schematics Acquired . | . . . . Parts Built . | . . . . Authchips . | . . . . Time . | . . . . Total Part Build Rating . | . . . . Parts Repaired . | . . . . Time . | . . . . Parts Recycled . | . . . . Recycled Matter . | . . . . Retrieved Matter . | . . . . Retrieved Components . | . . . . Parts Scanalyzed . | . . . . Part Schematics Acquired . | . . . . Parts Damaged . | . . . . Bothacking | -11 -10 -10 -10 ------------ Run | Yrd Mat Min Sub Used RIF Installer . | . . . . Robots Hacked . | . . . . Non-combat . | . . . . Combat . | . . . . Robot Hacks Applied . | . . . . Relay Couplers Released . | . . . . Fabnet Peak Effective % . | . . . . Robots Rewired . | . . . . Allies Hacked . | . . . . Hacks Repelled . | . . . . Allies | -11 -10 -10 -10 -------- Run | Yrd Mat Min Sub Total Allies 3 | . . 3 . Largest Group 3 | . . 3 3 Highest-Rated Group 40 | . . 40 40 Highest-Rated Ally 16 | . . 16 16 Total Orders . | . . . . Ally Attacks 58 | . . 18 40 Total Damage 617 | . . 161 456 Kills 8 | . . 4 4 Allies Corrupted . | . . . . Allies Melted . | . . . . Intel | -11 -10 -10 -10 ------- Run | Yrd Mat Min Sub Robot Analysis Total . | . . . . Derelict Logs Recovered 3 | . . 2 1 Drone Launches . | . . . . Drone Recoveries . | . . . . Exploration | -11 -10 -10 -10 ------------- Run | Yrd Mat Min Sub Turns Passed 1764 | 63 518 826 357 Spaces Moved 1325 | 55 404 651 215 Core 4 | 3 . . 1 Treads . | . . . . Legs . | . . . . Wheels 357 | 52 305 . . Hover 963 | . 99 651 213 Flight 1 | . . . 1 Fastest Speed 50 | 50 56 56 116 Average Speed 107 | 78 84 111 144 Slowest Speed 300 | 80 116 116 300 Overloaded Moves . | . . . . Propulsion Burnouts . | . . . . Robots Hopped . | . . . . Cave-ins Triggered . | . . . . Exploration Rate (%) 41 | 3 39 100 25 Regions Visited 3 Branch Regions 2 Pre-discovered Areas 1 | . . . 1 Known Exits Taken . | . . . . Unknown Exits Taken 3 | 1 1 1 . Scrap Searched 4 | . . 1 3 Spaces Dug . | . . . . Terrain Destroyed 35 | . . 19 16 Melee . | . . . . Projectile . | . . . . AOE 35 | . . 19 16 Terrain Rammed . | . . . . Walls Destroyed . | . . . . Machines Disabled . | . . . . Actions | -11 -10 -10 -10 --------- Run | Yrd Mat Min Sub Total 1566 | 75 514 735 242 Wait 133 | 7 63 59 4 Move 1322 | 54 403 650 215 Hop . | . . . . Pick Up 25 | 7 8 8 2 Fast Attach . | . . . . Attach 12 | 6 4 . 2 Detach 2 | . 1 . 1 Swap 9 | . 3 6 . Drop 5 | 1 . 4 . Fire 58 | . 32 8 18 Melee . | . . . . Ram . | . . . . Kick . | . . . . Crush . | . . . . Escape Stasis . | . . . . Rewire . | . . . . Trap . | . . . . Miscellaneous . | . . . . Route ------- -11/Scrapyard -10/Materials (discovered 2 exits: [*Mat] / [*Min]) -10/Mines (discovered 4 exits: [*Mat x2] / [*Exi] / [*Sub]) -10/Subcaves History --------- Turn | Location | Event 28 | -11/Scrapyard | Discovered new exit (range 16) 64 | -11/Scrapyard | Entered Materials 127 | -10/Materials | Discovered new exit (range 11) 188 | -10/Materials | Discovered new exit (range 5) 306 | -10/Materials | Build established: Mutant 530 | -10/Materials | Core integrity fell below 50% 582 | -10/Materials | Entered Mines 610 | -10/Mines | Received a Rocket Launcher from a helpful Derelict 623 | -10/Mines | Found a damaged Exp. Sensor Array with a note attached 627 | -10/Mines | Found Prototype Device 628 | -10/Mines | Identified Exp. Sensor Array 913 | -10/Mines | Discovered new exit (range 12) 922 | -10/Mines | Discovered new exit (range 15) 924 | -10/Mines | Learned Materials garrison access intel 924 | -10/Mines | Assisted by bots powering up and referring to "LRC-V3" 949 | -10/Mines | Deemed a non-threat by the Exiles lab entrance 1029 | -10/Mines | Learned Materials garrison access intel 1292 | -10/Mines | Discovered new exit (range 6) 1318 | -10/Mines | Discovered new exit (range 9) 1408 | -10/Mines | Entered Subcaves 1408 | -10/Subcaves | Accompanied by 3 allies 1438 | -10/Subcaves | Build established: Scavenger-Mutant 1724 | -10/Subcaves | Core integrity fell below 20% 1755 | -10/Subcaves | Disturbed a concealed Subdweller 1765 | -10/Subcaves | Destroyed by JX-OBJ(R) with Subdweller Laser Last Messages --------------- 01744_ Searching scrap... 01744_ Found Piercing Trap. 01744_ Found Battle Rifle. 01744_ Found 20 Matter. 01745_ Acquired 20 matter. 01745_ Searching scrap... 01745_ Found Flamer. 01745_ Found 31 Matter. 01746_ Acquired 3 matter. 01751_ Searching scrap... 01751_ Found Sub. Beam Cannon. 01751_ Found 22 Matter. 01755_ JX-OBJ(R) angrily emerges from the Twisted Machinery. 01756_ JX-OBJ(R): "SUBSUUUUUB!" 01757_ Trooper 1b destroyed. 01759_ Hover Unit destroyed. 01761_ The unstable cave ceiling collapses. 01763_ Exp. Sensor Array destroyed. 01764_ The unstable cave ceiling collapses. Map ----- +----------------------------------------------------+ | ??????????????????????????????? | | ??????????????????????????????? | | ??????????????????????????????? | | ??????????????????????????????? | | ??????????????????????????????? | | ??????????????????????????????? | | ??????????????????????????????? | | ??????????????????????????????? | | ??????????????????????????????? | | ??????????????????????????????? | | ?????????????????????? #??????? | | ????????????????????? ##?????? | | ????????????????????? #?????? | | ????????????????????# $ #?????? | | ?????????????????##? ##????? | | ????????????????# ## "#????? | | ????????????????# #????? | | ????????###?????# #?????? | | ?????#### #####?# ##?? ?? | | ????## <<< ## ## # | | ????# ## ## | | ????#< <&## | | ???##$ <## ? | | ???# <# # # #?? | | ???# | ## # # #??? | | ???#< @]% [ ! #??? | | ???#< ]%& & *[ #### | | ???#< =$$$ &=% | | ???#< [! ! #### | | ???##< R # < #?## | | ????# <## ##?# | | ????# <&< <### ##?# | | ????##<#<< #### ### # | | ???????######## #????? | | ??????????????# ###### | | ??????????????## # | | ??????????????## | | ??????????????# | | ??????????????## | | ???????????????## ### | | ???????????????## ##?# | | ??????????????## ## ##??? | | ??????????????# ### ##???? | | ??????????????## #????? | | ???????????????# ###????? | | ???????????????##### #?????? | | ???????????????????# #?????? | | ???????????????????# #?????? | | ???????????????????## #?????? | | ????????????????????# ##?????? | +----------------------------------------------------+ Best States ------------- Heat Dissipation 25 Energy Generation 14 Energy Capacity 250 Matter Stores 300 Matter Capacity 300 Sight Range 16 Robot Scan Range 20 Terrain Scan Density 10 Evasion (%) 53 Item Schematics ----------------- None Robot Schematics ------------------ None Fabricated ------------ Nothing Alien Tech Used ----------------- None Achievements -------------- None Challenges ------------ None Game ------ Seed MasterMetafiberThermoblaster Manual? 0 Play Time 00:18:51 Cumulative 5.1 hours Start 2024.07.28 @ 17:47:32 End 2024.07.28 @ 18:06:28 Sessions 1 Manual Loads 0 Difficulty Rogue Special Mode None Game No. 6 Rogue 2 Adventurer 4 Explorer 0 Win Type - Total 0 Types 0/0/0/0/0/0/0/0/0 Lore% 1 Gallery% 11 Achievement% 9 Wizard Run 0 Options --------- Layout 1 ASCII 0 Keyboard 0 Movement Mouse Keybinds 0 Fullscreen 1 Font 24/Smallcaps Map View 50x35 Zoom Use 43% Tactical HUD 1 Map Filters NONE Filters NONE Steam 1 RUN: 6cc131f6-d41f-4f27-8938-2da226f7b3c6